 Dungeon Crawl Stone Soup version 0.31-a0-460-g9e667d4245 (webtiles) character file.

Game seed: 7872355552076484994

174 Maratek the Covered (level 5, -5/46 HPs)
             Began as a Minotaur Fighter on Aug 4, 2023.
             Slain by a killer bee (6 damage)
             ... on level 4 of the Dungeon.
             The game lasted 00:02:38 (1904 turns).

Maratek the Covered (Minotaur Fighter)              Turns: 1904, Time: 00:02:38

Health: -5/46      AC:  7    Str: 22    XL:     5   Next: 28%
Magic:  4/4        EV:  9    Int:  5    God:
Gold:   66         SH:  4    Dex: 10    Spells: 4/4 levels left

rFire   . . .        i - +2 short sword (drain)
rCold   . . .        c - +0 buckler
rNeg    . . .        b - +0 scale mail
rPois   .            (helmet restricted)
rElec   .            (no cloak)
rCorr   .            (no gloves)
SInv    .            (no boots)
Will    .....        (no amulet) Stlth
                     (no ring)
HPRegen 0.27/turn    (no ring)
MPRegen 0.09/turn

%: no passive effects
@: no status effects
A: horns 2, retaliatory headbutt
a: no special abilities


You were on level 4 of the Dungeon.
You visited 1 branch of the dungeon, and saw 3 of its levels.

You collected 66 gold pieces.

Inventory:

Hand Weapons
 a - a +0 war axe
 i - a +2 short sword of draining (weapon)
Armour
 b - a +0 scale mail (worn)
 c - a +0 buckler (worn)
Scrolls
 f - a scroll of amnesia {unknown}
 g - a scroll of acquirement {unknown}
 h - a scroll of fog {unknown}
 j - 3 scrolls of identify {unknown}
 k - 2 scrolls of teleportation {unknown}
 l - a scroll of enchant weapon {unknown}
 n - a scroll of blinking {unknown}
Potions
 d - 2 potions of might
 e - a potion of curing {unknown}
 m - 2 potions of heal wounds {unknown}
 o - a potion of magic {unknown}
 p - a potion of attraction {unknown}


   Skills:
 + Level 4.3 Fighting
 + Level 1.4 Short Blades
 + Level 3.9 Axes
 + Level 5.0 Armour
 + Level 0.7 Dodging
 + Level 0.3 Stealth
 + Level 4.3 Shields


You had 4 spell levels left.
You didn't know any spells.
Your spell library contained the following spells:

 Spells                   Type           Power      Damage    Failure   Level
 Cigotuvi's Dreadful Rot  Necr/Pois/Air  0%         N/A       94%         2
 Sublimation of Blood     Necr           0%         N/A       94%         2
 Ignite Poison            Fire/Tmut/Pois 0%         N/A       99%         3
 Petrify                  Tmut/Erth      0%         N/A       100%        4
 Freezing Cloud           Conj/Ice/Air   0%         6-21      100%        5
 Irradiate                Conj/Tmut      0%         3d11      100%        5


Dungeon Overview and Level Annotations

Branches:
Dungeon (4/15)
 Temple: D:4-7

Altars:

Annotations:
D:4 1 transporter


Innate Abilities, Weirdness & Mutations

You have a pair of horns on your head.
You reflexively headbutt those who attack you in melee.


Message History

The killer bee stings you but does no damage.
The killer bee barely misses you. You block the killer bee's attack.
You barely miss the killer bee. Your headbutt misses the killer bee.
The killer bee is heavily wounded.
The killer bee stings you.
You are poisoned.
The killer bee poisons you! The killer bee barely misses you.
You furiously retaliate!
You headbutt the killer bee. The killer bee completely misses you.
You block the killer bee's attack.
You hit the killer bee. You drain the killer bee.
Your headbutt misses the killer bee.
The killer bee is severely wounded.
You feel sick.
The killer bee stings you but does no damage.
The killer bee stings you.
The killer bee stings you but does no damage. x2
You feel sick.
The killer bee stings you but does no damage.
The killer bee barely misses you.
The killer bee stings you but does no damage.
You see here a scroll labelled SIYCIPTAOP.
The killer bee attacks as you move away!
The killer bee stings you.
* * * LOW HITPOINT WARNING * * *
You feel sick. The killer bee stings you.
* * * LOW HITPOINT WARNING * * *
You feel sick.
The killer bee stings you but does no damage. x2
You feel sick.
The killer bee stings you but does no damage.
The killer bee closely misses you.
You feel sick.
You are no longer poisoned.
The killer bee completely misses you. You furiously retaliate!
You headbutt the killer bee.
The killer bee stings you but does no damage.
The killer bee stings you.
* * * LOW HITPOINT WARNING * * *
The killer bee stings you.
You die...

###.##......#.#..###.#.#.#
....>....................#
#......<.#...............
####....(..#.#..#.#.#....
#######...............†..##^
............#.#[#........†..
#####........#.#######..#.#
#....#....#..# ##....
#.©...<@y.h.# ###.#
#########yy#?# #..
#...)©!Z°.##y..# #.#
#...$($...####.# ..#
#.........#....# ###
#.......○.#....#
#.........#...?#
####+++####....# #....#


You could see a black bear and 4 killer bees.

Vanquished Creatures
  Natasha (twice) (D:2)
  3 gnolls (D:4)
  3 adders (D:2)
  A worm (D:2)
  7 ball pythons
  6 endoplasms
  3 giant cockroaches
  7 hobgoblins
  2 jackals (D:2)
  10 kobolds
  2 quokkas (D:4)
  7 bats
  4 frilled lizards
  3 goblins
  4 rats
64 creatures vanquished.

Notes
Turn   | Place    | Note
-------+----------+-------------------------------------------
     0 | D:1      | Maratek the Minotaur Fighter began the quest for the Orb.
     0 | D:1      | Reached XP level 1. HP: 19/19 MP: 0/0
   405 | D:1      | Reached XP level 2. HP: 27/27 MP: 1/1
   498 | D:1      | Reached skill level 4 in Armour
   870 | D:1      | Reached XP level 3. HP: 31/31 MP: 2/2
  1018 | D:2      | Noticed Natasha
  1026 | D:2      | Killed Natasha
  1068 | D:2      | Noticed Natasha
  1079 | D:2      | Killed Natasha
  1080 | D:2      | Reached XP level 4. HP: 27/40 MP: 3/3
  1706 | D:2      | You fall into a shaft and drop 2 floors!
  1728 | D:4      | Reached XP level 5. HP: 46/46 MP: 4/4
  1766 | D:4      | Reached skill level 1 in Short Blades
  1807 | D:4      | Reached skill level 5 in Armour
  1870 | D:4      | Found a transporter.
  1888 | D:4      | Noticed a black bear
  1903 | D:4      | HP: 1/46 [killer bee (6)]
  1904 | D:4      | Slain by a killer bee

Illustrated notes

Levels and vault maps discovered:
D:1:      dpeg_arrival_central, layout_loops_ring, serial_aquarium,
          aquarium_bridge_square [aquarium_subvault_bridge,
          aquarium_subvault_balcony, aquarium_subvault_wall,
          aquarium_subvault_bridge], aquarium_window_corridor_1,
          aquarium_window_fake, aquarium_window_double, aquarium_view_2b,
          aquarium_view_2c, aquarium_pool_four, serial_park_tiny_pond,
          minmay_misc_feat_square
D:2:      layout_basic, serial_bayou_pond_d,
          nicolae_concentric_dashed_squares_wild, kennysheep_nub,
          kennysheep_pointless_box, st_stairs_4, minmay_pentomino_s2,
          uniq_natasha
D:4:      gammafunk_cloud_chamber, layout_basic, grunt_temple_overflow_opulence,
          lemuel_mausoleum_altar_kikubaaqudgha, minmay_temple_entry_large_hall,
          lexackson_kobold_supper

Skill      XL: |  1  2  3  4  5 |
---------------+----------------+-----
Armour         | 4 5 |  5.0
Fighting       | 4 |  4.3
Shields        | 4 |  4.3
Axes           | 3 |  3.9
Short Blades   | 1 |  1.4
Dodging        | |  0.7
Stealth        | |  0.3

Action                     |  1- 3 |  4- 6 || total
---------------------------+-------+-------++-------
  Melee: War axe           |    42 |       ||    42
         Headbutt          |     7 |     9 ||    16
         Short sword       |    13 |    85 ||    98
 Armour: Scale mail        |    29 |    38 ||    67
  Dodge: Dodged            |    29 |    52 ||    81
  Block: Buckler           |    16 |    14 ||    30

Table legend: (Time is in decaauts)
 A = Elapsed time spent in this place.
 B = Non-inter-level travel time spent in this place.
 C = Inter-level travel time spent in this place.
 D = Time resting spent in this place.
 E = Time spent auto-exploring this place.
 F = Levels seen in this place.
 G = Mean time per level.
                   A        B        C        D        E       F      G
               +--------+--------+--------+--------+--------+-----+--------+
         Total |   1926 |   1893 |     33 |    151 |   1308 |   3 |  642.0 |
       Dungeon |   1926 |   1893 |     33 |    151 |   1308 |   3 |  642.0 |
               +--------+--------+--------+--------+--------+-----+--------+

Top non-repeatable levels by time:
     D:1: 1022 daAuts
     D:2: 706 daAuts
     D:4: 197 daAuts
